AoeStats
← [LMHI] ratkid463

Four Lakes

510016580Analyzed
1v1 RM · 4d ago on Sep 29, 2026· 60m 7s· 2 players
Game mode
Random Map
Map size
Tiny (2 player)
Population
200
Speed
Normal
Resources
Standard
Victory
Conquest
Starting age
Dark Age
Ending age
Imperial Age
RankedLock teamsTeams togetherTeam positionsShared explorationLock speedFull tech treeHidden civsTurbo modeCheats
Victory
Defeat
🇨🇴 Byzantines · Colombia
875
+15
🇲🇽 Varangians · Mexico
852
-15
Van
5:41 Loom
12:10 Feudal Age
13:10 Double-Bit Axe
17:18 Castle Age
15:31 Bloodlines
15:25 Gold Mining
16:03 Forging
16:25 Scale Barding Armor
17:07 Stone Mining
17:07 Horse Collar
18:33 Bow Saw
17:57 Pikeman
19:28 Iron Casting
21:25 Heavy Plow
23:09 Chain Barding Armor
23:12 Fishing Lines
24:26 Scale Mail Armor
24:54 Squires
26:49 Wheelbarrow
26:57 Chain Mail Armor
28:15 Fervor
30:07 Hand Cart
30:44 Fishing Lines
34:40 Imperial Age
33:36 Fletching
33:33 Treadmill Crane
34:00 Town Watch
34:05 Vendel Legacy
34:16 Elite Skirmisher
34:59 Padded Archer Armor
35:33 Ballistics
35:46 Conscription
35:26 Bodkin Arrow
36:33 Chemistry
36:01 Town Patrol
36:01 Gothikon
36:46 Bracer
37:37 Leather Archer Armor
39:40 Masonry
41:09 Blast Furnace
42:04 Halberdier
44:10 Plate Mail Armor
44:29 Crop Rotation
45:00 Two-Man Saw
47:46 Ring Archer Armor
48:40 Murder Holes
51:56 Husbandry
56:40 Elite Jarl
59:56 Architecture
[LMHI] ratkid463
8:19 Loom
10:34 Feudal Age
14:11 Castle Age
13:18 Loom
14:24 Double-Bit Axe
16:47 Husbandry
19:01 Horse Collar
22:34 Heavy Plow
26:26 Scale Barding Armor
27:30 Bow Saw
27:19 Gold Mining
28:21 Fletching
29:58 Forging
30:13 Chain Barding Armor
29:49 Bodkin Arrow
31:22 Wheelbarrow
33:04 Hand Cart
33:37 Gold Shaft Mining
34:50 Light Cavalry
36:21 Thumb Ring
37:06 Iron Casting
41:42 Imperial Age
39:58 Padded Archer Armor
40:54 Ballistics
40:31 Murder Holes
43:00 Fortified Wall
45:08 Cavalier
53:52 Chemistry
56:38 Treadmill Crane
59:14 Crop Rotation
Connection lost

Rejoining the realm…

Still unreachable

The connection could not be restored.

Session expired

The server has moved on; the page needs a fresh start.